 Dungeon Crawl Stone Soup version 0.24-a0-783-ge536774 (webtiles) character file.

Game seed: 9658209949941107737, levelgen mode: deterministic

9480 2tousent the Grappler (level 11, -1/102 HPs)
             Began as a Troll Monk on Oct 8, 2019.
             Was a High Priest of Ru.
             Slain by a freezing wraith (16 damage)
             ... led by a death knight
             ... on level 11 of the Dungeon.
             The game lasted 00:32:03 (8587 turns).

2tousent the Grappler (Troll Monk)                  Turns: 8587, Time: 00:32:03

Health: -1/102     AC:  8    Str: 19    XL:     11   Next: 23%
Magic:  8/8        EV: 12    Int:  6    God:    Ru [*****.]
Gold:   294        SH:  5    Dex: 15    Spells: 10/10 levels left

rFire    . . .     SeeInvis .     - Unarmed
rCold    . . .     Gourm    +   (no shield)
rNeg     + . .     Faith    .   L - +0 troll leather armour
rPois    +         Spirit   .   (helmet restricted)
rElec    .         Reflect  +   (no cloak)
rCorr    .         Harm     .   (gloves unavailable)
MR       .....                  (boots unavailable)
Stlth    +.........             i - +5 amulet of reflection
HPRegen  1.07/turn              G - ring of poison resistance
MPRegen  0.11/turn              A - ring of positive energy

@: vulnerable
A: large, unfitting armour, claws 3, fast metabolism 3, gourmand, low mp 1,
regeneration 1, shaggy fur 1, tough skin 3, weak 1, unskilled 1, inexperienced 1
a: Draw Out Power, Power Leap, Apocalypse, Renounce Religion


You were on level 11 of the Dungeon.
You worshipped Ru.
Ru was extremely pleased with you.
You were very full.

You visited 1 branch of the dungeon, and saw 11 of its levels.

You collected 534 gold pieces.
You spent 240 gold pieces at shops.

Inventory:

Missiles
 r - 22 poisoned darts
 y - 4 javelins
 z - 10 boomerangs
 E - a throwing net
 Q - 3 large rocks (quivered)
Armour
 a - a +0 robe
 h - a +2 robe of positive energy
 D - a +1 robe of magic resistance
 L - a +0 troll leather armour (worn)
 N - a scarf of spirit shield
 O - a +0 shield
Jewellery
 i - a +5 amulet of reflection (around neck)
 o - an uncursed amulet of magic regeneration
 t - an uncursed amulet of rage
 x - an uncursed ring of magical power
 A - a ring of positive energy (right claw)
 C - an uncursed ring of wizardry
 G - a ring of poison resistance (left claw)
Wands
 g - a wand of acid (5)
 B - a wand of flame (15)
Scrolls
 d - 4 scrolls of amnesia
 e - 3 scrolls of fear
 f - 5 scrolls of teleportation
 k - a scroll of remove curse
 l - 2 scrolls of enchant weapon
 q - a scroll of immolation
 s - a scroll of enchant armour
 I - a scroll of magic mapping {unknown}
 J - 3 scrolls of identify
 M - a scroll of holy word {unknown}
 R - a scroll of silence {unknown}
Potions
 c - 7 potions of curing
 j - 3 potions of lignification
 m - a potion of cancellation
 n - 3 potions of brilliance
 p - 6 potions of heal wounds
 u - 2 potions of degeneration
 v - 3 potions of might
 w - a potion of mutation
 F - 2 potions of agility {unknown}
 H - a potion of flight {unknown}
 K - 2 potions of magic {unknown}
Comestibles
 b - 23 rations
 P - 4 chunks of flesh


   Skills:
 - Level 5.0 Fighting
 - Level 5.0 Throwing
 - Level 5.1 Dodging
 - Level 0.9 Stealth
 + Level 13.1 Unarmed Combat


You had 10 spell levels left.
You didn't know any spells.
Your spell library contained the following spells:

 Spells                   Type           Power        Failure   Level  Hunger
 Flame Tongue             Conj/Fire      #....        52%         1    ##.....
 Throw Flame              Conj/Fire      #.....       65%         2    ###....
 Conjure Flame            Conj/Fire      #.......     87%         3    ####...
 Inner Flame              Hex/Fire       #.......     87%         3    ####...
 Sticky Flame             Conj/Fire      #.......     99%         4    #####..
 Fireball                 Conj/Fire      #.........   100%        5    ######.


Dungeon Overview and Level Annotations

Branches:
Dungeon (11/15)            Temple (0/1) D:5            Lair (0/6) D:9
    Orc (0/2) D:11

Altars:
Gozag
Makhleb
Okawaru
Qazlal
Ru
Uskayaw
Xom
Yredelemnul

Shops:
D:10 =


Innate Abilities, Weirdness & Mutations

You are too large for most types of armour.
You have claws for hands.
Your metabolism is lightning-fast.
You like to eat raw meat.
Your magical capacity is low. (-10% MP)
Your natural rate of healing is unusually fast.
You are covered in fur. (AC +1)
You have extremely tough skin. (AC +3)
You are weak. (Str -2)
You are somewhat unskilled. (-1 Apt)
You are somewhat inexperienced. (-2 XL)


Message History

The javelin pierces through the freezing wraith but does no damage.
The freezing wraith is heavily damaged.
The javelin closely misses the wraith.
The javelin pierces through the death knight but does no damage.
The death knight is heavily wounded.
The freezing wraith closely misses you. The freezing wraith barely misses you.
Fire/throw which item? (* to show all) (? for menu, Esc to quit)
Throwing (i - inventory. (/) - cycle)
Q - 3 large rocks (quivered)
Press: ? - help, Shift-Dir - straight line, f/p - death knight
Aim: a death knight, wielding a +0 battleaxe and wearing a +0 chain mail (heavily wounded, paralysed)
You throw a javelin.
The javelin pierces through the freezing wraith!
The freezing wraith is severely damaged.
The javelin pierces through the wraith but does no damage.
The javelin pierces through the death knight but does no damage.
The death knight is heavily wounded.
The freezing wraith hits you!
* * * LOW HITPOINT WARNING * * *
The freezing wraith freezes you!
You die...

###+##...................#....
#..#...........#....+....
#..#.....8.....#....#....
#..####.....#############
#...#..........# #..
#....#.....# #..........#
#..........# #...@......#
#..WW####### #....+ #....#
#....# #....# #..p.# #..(.#


You could see a death knight (paralysed), a freezing wraith and a wraith.

Vanquished Creatures
  An unseen horror (D:10)
  A phantasmal warrior (D:11)
  A cyclops (D:11)
  2 centaur zombies (D:11)
  Maurice (D:8)
  2 gargoyles (D:11)
  A komodo dragon (D:11)
  A troll (D:10)
  Grinder (D:3)
  Prince Ribbit (D:5)
  A wyvern (D:10)
  A wraith (D:10)
  Eustachio (D:5)
  5 yaks
  Menkaure (D:7)
  3 wargs (D:9)
  Edmund (D:5)
  2 water moccasins
  3 orc warriors
  2 sky beasts
  A phantom (D:11)
  A black bear (D:7)
  6 ice beasts
  2 ogres
  2 necrophages
  2 centaurs
  3 big kobolds
  9 bullfrogs
  A gnoll sergeant (D:10)
  2 scorpions (D:8)
  11 killer bees
  A howler monkey (D:7)
  2 crimson imps
  2 quasits (D:7)
  8 orc priests
  4 hounds
  4 jellies
  12 orc wizards
  A bullfrog skeleton (D:5)
  3 iguanas
  8 worker ants
  A hound zombie (D:9)
  3 hound skeletons
  A worker ant zombie (D:7)
  A howler monkey zombie (D:8)
  11 adders
  8 gnolls
  A howler monkey skeleton (D:9)
  2 shadow imps
  2 oozes
  An adder zombie (D:8)
  A worm (D:4)
  10 leopard geckos
  28 orcs
  4 giant cockroaches
  12 goblins
  3 hobgoblins
  8 jackals
  23 kobolds
  4 quokkas
  A ball python (D:1)
  6 bats
  7 frilled lizards
  A jackal skeleton (D:9)
  A leopard gecko skeleton (D:6)
  2 quokka zombies
  10 rats
269 creatures vanquished.

Vanquished Creatures (others)
  A bullfrog (D:8)
  An orc (D:9)
2 creatures vanquished.

Grand Total: 271 creatures vanquished

Notes
Turn   | Place    | Note
-------+----------+-------------------------------------------
     0 | D:1      | 2tousent the Troll Monk began the quest for the Orb.
     0 | D:1      | Reached XP level 1. HP: 22/22 MP: 0/0
   162 | D:1      | Reached XP level 2. HP: 28/29 MP: 1/1
   472 | D:2      | Reached skill level 4 in Unarmed Combat
   530 | D:2      | Reached XP level 3. HP: 36/36 MP: 2/2
   945 | D:2      | Reached skill level 5 in Unarmed Combat
   945 | D:2      | Reached XP level 4. HP: 44/44 MP: 3/3
  1576 | D:3      | Reached XP level 5. HP: 49/50 MP: 4/4
  1583 | D:3      | Reached skill level 6 in Unarmed Combat
  1696 | D:3      | Noticed Grinder
  1703 | D:3      | Killed Grinder
  1703 | D:3      | Reached skill level 7 in Unarmed Combat
  1703 | D:3      | Reached XP level 6. HP: 46/59 MP: 5/5
  2112 | D:4      | Reached skill level 8 in Unarmed Combat
  2211 | D:4      | Reached XP level 7. HP: 66/66 MP: 6/6
  2217 | D:4      | Found a shimmering altar of Xom.
  2332 | D:4      | Found a burning altar of Makhleb.
  2477 | D:4      | Found a sacrificial altar of Ru.
  2477 | D:4      | Found a basalt altar of Yredelemnul.
  2480 | D:4      | Found a hide-covered altar of Uskayaw.
  2484 | D:4      | Became a worshipper of Ru the Awakened
  2487 | D:4      | Found a stormy altar of Qazlal.
  2492 | D:4      | Gained mutation: You are somewhat inexperienced. (-2 XL)
                  | [Ru sacrifice]
  2492 | D:4      | Reached XP level 6. HP: 59/59 MP: 5/5
  2492 | D:4      | Reached XP level 5. HP: 50/50 MP: 4/4
  2492 | D:4      | Reached * piety under Ru
  2492 | D:4      | Reached ** piety under Ru
  2518 | D:5      | Entered Level 5 of the Dungeon
  2596 | D:5      | Noticed Prince Ribbit
  2596 | D:5      | Noticed Eustachio
  2603 | D:5      | Killed Prince Ribbit
  2603 | D:5      | Reached XP level 6. HP: 43/59 MP: 5/5
  2614 | D:5      | Killed Eustachio
  2614 | D:5      | Reached skill level 9 in Unarmed Combat
  2735 | D:5      | Found a staircase to the Ecumenical Temple.
  2921 | D:5      | Noticed Edmund
  2928 | D:5      | Killed Edmund
  2928 | D:5      | Reached XP level 7. HP: 56/66 MP: 6/6
  3288 | D:6      | Found an iron altar of Okawaru.
  3461 | D:6      | Reached skill level 10 in Unarmed Combat
  3657 | D:6      | Reached XP level 8. HP: 75/75 MP: 7/7
  4319 | D:7      | Reached skill level 1 in Throwing
  4391 | D:7      | Gained mutation: You are weak. (Str -2) [Ru sacrifice]
  4391 | D:7      | Reached *** piety under Ru
  4514 | D:7      | Noticed Menkaure
  4555 | D:7      | Killed Menkaure
  4735 | D:7      | Reached XP level 9. HP: 82/84 MP: 8/8
  5193 | D:8      | Noticed Maurice
  5219 | D:8      | Killed Maurice
  5219 | D:8      | Reached skill level 11 in Unarmed Combat
  5519 | D:8      | Reached skill level 5 in Fighting
  5519 | D:8      | Reached skill level 5 in Dodging
  5865 | D:9      | Gained mutation: You are somewhat unskilled. (-1 Apt) [Ru
                  | sacrifice]
  5865 | D:9      | Reduced skill Unarmed Combat to level 10
  5865 | D:9      | Reached **** piety under Ru
  5865 | D:9      | Reached ***** piety under Ru
  6148 | D:9      | Found an opulent altar of Gozag.
  6284 | D:9      | Found a staircase to the Lair.
  6425 | D:9      | Reached XP level 10. HP: 83/94 MP: 9/9
  6526 | D:9      | Reached skill level 5 in Fighting
  6531 | D:9      | Reached skill level 5 in Dodging
  6902 | D:10     | Entered Level 10 of the Dungeon
  7025 | D:10     | Reached skill level 5 in Throwing
  7027 | D:10     | Reached skill level 11 in Unarmed Combat
  7441 | D:10     | Killed an unseen horror
  7567 | D:10     | Found Gynick's Jewellery Boutique.
  7575 | D:10     | Bought an uncursed ring of poison resistance for 240 gold
                  | pieces
  7813 | D:10     | Reached skill level 12 in Unarmed Combat
  7851 | D:10     | Gained mutation: Your magical capacity is low. (-10% MP)
                  | [Ru sacrifice]
  8060 | D:11     | Found a staircase to the Orcish Mines.
  8251 | D:11     | Noticed a gargoyle
  8260 | D:11     | Killed a gargoyle
  8278 | D:11     | Reached XP level 11. HP: 82/102 MP: 8/8
  8578 | D:11     | Noticed a death knight
  8578 | D:11     | Noticed a phantasmal warrior
  8584 | D:11     | Killed a phantasmal warrior
  8584 | D:11     | Reached skill level 13 in Unarmed Combat
  8587 | D:11     | Slain by a freezing wraith

Levels and vault maps discovered:
D:1:      elethiomel_arrival_shortcut, layout_basic, chequers_arboretum
D:2:      layout_basic
D:3:      layout_basic, minivault_25, uniq_grinder
D:4:      layout_basic, nicolae_overflow_hidden_temple, minitemple, first_ration
D:5:      layout_gridville, minmay_temple_entry_junction, uniq_prince_ribbit1,
          uniq_eustachio, uniq_edmund
D:6:      layout_basic, kennysheep_okawaru_gauntlet
D:7:      layout_gridville, uniq_menkaure
D:8:      layout_basic, uniq_maurice
D:9:      layout_loops_ring, grunt_gozag_breadcrumbs, erik_lair_orcish_takeover,
          grunt_ogre_cave, minivault_25, hangedman_corner_corridor
D:10:     layout_basic, serial_shops, shop
D:11:     layout_grid_maze, david_orc_2

Skill      XL: |  1  2  3  4  5  6  7  8  9 10 11 |
---------------+----------------------------------+-----
Unarmed Combat | 4 5 7 9 10 10 12 13 | 13.1
Fighting       | 3 4 4 5 |  5.0
Dodging        | 3 4 4 5 |  5.1
Throwing       | 2 4 5 |  5.0
Stealth        | 0 |  0.9

Action                   |  1- 3 |  4- 6 |  7- 9 | 10-12 || total
-------------------------+-------+-------+-------+-------++-------
Melee: Unarmed           |   121 |   146 |   289 |   208 ||   764
       Punch             |     2 |     5 |    14 |    17 ||    38
Throw: Dart              |       |       |    31 |       ||    31
       Boomerang         |       |       |    10 |       ||    10
       Javelin           |       |       |     4 |    10 ||    14
       Large rock        |       |       |       |     2 ||     2
Invok: Sacrifice Experie |       |     1 |       |       ||     1
       Sacrifice Purity  |       |       |     1 |       ||     1
       Power Leap        |       |       |     1 |     7 ||     8
       Draw Out Power    |       |       |     1 |       ||     1
       Sacrifice Skill   |       |       |     1 |       ||     1
       Sacrifice Essence |       |       |       |     1 ||     1
  Use: Scroll            |       |       |    18 |       ||    18
 Stab: Sleeping          |     1 |     3 |     1 |     4 ||     9
       Invisible         |       |       |     3 |     2 ||     5
       Distracted        |       |       |     1 |     1 ||     2
       Paralysed         |       |       |       |     1 ||     1
  Eat: Chunk             |     7 |    15 |    39 |    19 ||    80
       Ration            |       |     1 |       |       ||     1
Armor: Robe              |    63 |    33 |    56 |    17 ||   169
       Troll leather arm |       |       |       |    29 ||    29
Dodge: Dodged            |    66 |    44 |   124 |    90 ||   324
Block: Other             |    20 |    25 |    46 |    38 ||   129
       Reflection        |     1 |     1 |     1 |     1 ||     4

Table legend:
 A = Non-vault XP
 B = Vault XP
 C = Vault XP percentage of total XP
 D = Non-vault monster count
 E = Vault monster count
 F = Vault count percentage of total count
                 A         B        C        D         E       F
            +---------+---------+-------+---------+---------+-------
      Total |   11205 |    2875 |  20.4 |     237 |      32 |  11.9
            +---------+---------+-------+---------+---------+-------
        D:1 |      23 |       0 |   0.0 |      17 |       0 |   0.0
        D:2 |      80 |       0 |   0.0 |      25 |       0 |   0.0
        D:3 |     226 |     277 |  55.1 |      23 |       1 |   4.2
        D:4 |     127 |       0 |   0.0 |      13 |       0 |   0.0
        D:5 |      62 |     614 |  90.8 |       6 |       3 |  33.3
        D:6 |     676 |       4 |   0.6 |      17 |       2 |  10.5
        D:7 |    1314 |     172 |  11.6 |      28 |       1 |   3.4
        D:8 |     949 |     370 |  28.1 |      23 |       1 |   4.2
        D:9 |     918 |    1292 |  58.5 |      26 |      17 |  39.5
       D:10 |    3032 |       0 |   0.0 |      41 |       0 |   0.0
       D:11 |    3798 |     146 |   3.7 |      18 |       7 |  28.0
            +---------+---------+-------+---------+---------+-------
